 Dungeon Crawl Stone Soup version 0.17.0-28-g6e173f8 (console) character file.

451 Kloppie the Skirmisher (level 6, -2/57 HPs)
             Began as a Centaur Fighter on Nov 25, 2015.
             Slain by a giant frog (8 damage)
             ... on level 4 of the Dungeon.
             The game lasted 00:05:23 (3288 turns).

Kloppie the Skirmisher (Centaur Fighter)            Turns: 3288, Time: 00:05:23

Health: -2/57      AC:  8    Str: 19    XL:     6   Next: 75%
Magic:  6/6        EV:  6    Int:  7    God:
Gold:   187        SH:  8    Dex: 10    Spells: 0 memorised, 5 levels left

rFire  + + .     SeeInvis .     a - +0 long sword
rCold  . . .     Clarity  .     y - +3 salamander hide armour {+Rage rF++}
rNeg   . . .     SustAt   .     c - +0 shield
rPois  .         Gourm    .     r - +0 helmet
rElec  .         Spirit   .     (no cloak)
rCorr  .         Warding  .     (no gloves)
rMut   .         Stasis   .     (no barding)
MR     +....                    t - amulet of rage
Stlth  ..........               (no ring)
                                h - ring of protection from magic

@: very quick, somewhat resistant to hostile enchantments, extremely unstealthy
A: hooves 3, deformed body, speed 2, tough skin 3
a: Evoke Berserk Rage


You were on level 4 of the Dungeon.
You were not hungry.

You visited 1 branch of the dungeon, and saw 4 of its levels.

You collected 187 gold pieces.

Inventory:

Hand Weapons
 a - a +0 long sword (weapon)
 b - a +0 blowgun
Missiles
 p - 51 poisoned needles
Armour
 c - a +0 shield (worn)
 r - a +0 helmet (worn)
 v - a +0 scale mail
 y - the +3 salamander hide armour (worn) {+Rage rF++}
   (You found it on level 4 of the Dungeon)

   It greatly protects you from fire.
   It lets you go berserk.
Jewellery
 h - a ring of protection from magic (left hand)
 t - an amulet of rage (around neck)
 w - an uncursed ring of stealth {unknown}
Scrolls
 f - 3 scrolls of identify {unknown}
 g - a scroll of magic mapping {unknown}
 j - 2 scrolls of fear {unknown}
 l - a scroll of immolation {unknown}
 m - 2 scrolls of enchant weapon {unknown}
 n - a scroll of random uselessness {unknown}
 u - a scroll of remove curse {unknown}
 x - a scroll of recharging {unknown}
 F - a scroll of enchant armour {unknown}
Potions
 d - 3 potions of might
 k - a potion of flight {unknown}
 o - 4 potions of curing {unknown}
 q - 2 potions of heal wounds {unknown}
 s - a potion of resistance {unknown}
 A - a potion of brilliance {unknown}
 B - a potion of magic {unknown}
 C - a potion of experience {unknown}
 D - a potion of poison {unknown}
 E - a potion of berserk rage {unknown}
Comestibles
 e - 6 bread rations
 i - 3 meat rations
 z - 2 royal jellies
 G - 2 chunks of flesh


   Skills:
 + Level 5.7 Fighting
 + Level 4.9 Long Blades
 - Level 2.1 Armour
 - Level 2.1 Shields


You had 5 spell levels left.
You didn't know any spells.

Dungeon Overview and Level Annotations

Branches:
Dungeon (4/15)
 Temple: D:4-7

Altars:
Okawaru
Ru
The Shining One

Shops:
D:4 %

Annotations:
D:4 Menkaure


Innate Abilities, Weirdness & Mutations

You have hooves in place of feet.
Armour fits poorly on your strangely shaped body.
You cover ground very quickly.
You have extremely tough skin (AC +3).


Message History

You block the orc wizard's attack.
The orc wizard gestures at you while chanting.
The magic dart hits you!
* * * LOW HITPOINT WARNING * * *
The orc wizard casts a spell at you. The magic dart hits you!
* * * LOW HITPOINT WARNING * * *
There is an open door here.
There is an open door here.
The orc wizard casts a spell.
The orc wizard blinks!
There is an open door here.
A giant frog comes into view.
There is an open door here.
The giant frog gives a loud, deep croak!
A giant cockroach comes into view.
The giant frog closely misses you.
The giant frog hits you but does no damage.
The giant frog hits you!
You die...

#### ...# ##########
...#############..(.#...#########
.>.'...........'........'........
...#############..s....(#####.###
#.## #........#####.# #'##
#.F..#...)...#.# ...#
#@####.......#.# ...# #.#
#.......#.### ...#
#.####.......#.##. ...#
#............#.##. §..#
########################. ...####
#.......♣........ #..... ......#
#.#####..#....# #.###.
......###.#####♣∩♣....######.###.
......'....................#.##..


You could see a giant frog and a giant cockroach.

Vanquished Creatures
  A centaur (D:4)
  A scorpion (D:4)
  2 orc priests (D:4)
  2 orc wizards (D:4)
  Natasha (D:4)
  An iguana (D:4)
  2 worker ants
  2 gnolls
  An adder (D:2)
  2 oozes (D:1)
  2 worms
  2 giant geckos (D:2)
  13 orcs
  2 bats
  A giant cockroach (D:4)
  6 goblins
  6 hobgoblins
  6 giant newts
  8 jackals
  9 kobolds
  2 quokkas
  2 rats (D:3)
74 creatures vanquished.

Notes
Turn   | Place    | Note
--------------------------------------------------------------
     0 | D:1      | Kloppie the Centaur Fighter began the quest for the Orb.
     0 | D:1      | Reached XP level 1. HP: 19/19 MP: 1/1
   274 | D:1      | Reached XP level 2. HP: 26/26 MP: 2/2
   865 | D:2      | Reached XP level 3. HP: 25/31 MP: 3/3
  1390 | D:2      | Found a sacrificial altar of Ru.
  1617 | D:3      | Reached XP level 4. HP: 23/40 MP: 4/4
  1906 | D:3      | Reached skill level 4 in Fighting
  2109 | D:4      | Noticed Menkaure
  2150 | D:4      | Reached XP level 5. HP: 43/47 MP: 5/5
  2201 | D:4      | Found a glowing golden altar of the Shining One.
  2206 | D:4      | Noticed Natasha
  2218 | D:4      | Killed Natasha
  2509 | D:4      | Reached skill level 5 in Fighting
  2517 | D:4      | Reached XP level 6. HP: 24/56 MP: 6/6
  2795 | D:4      | Noticed a centaur
  2807 | D:4      | Killed a centaur
  3095 | D:4      | Found an iron altar of Okawaru.
  3160 | D:4      | Found Sisub's Food Shop.
  3254 | D:4      | HP: 2/57 [orc wizard/magic dart (3)]
  3288 | D:4      | Slain by a giant frog

Action                   |  1- 3 |  4- 6 || total
-------------------------+-------+-------++-------
Melee: Long sword        |   115 |   166 ||   281
 Stab: Invisible         |     1 |       ||     1
       Paralysed         |     1 |       ||     1
  Eat: Chunk             |     1 |     5 ||     6
